cohdb
Replays
Latest Replays
All Replays
Popular Replays
Top Player Replays
Match Explorer
How It Works
Community
CoH3 Stats
Reddit
Sign in to upload your games and track your stats! →
Sign in with Steam
Match 45696084
Unlisted
Match 45696084
Overview
Messages
Build Orders
End
Kettenkrad Recon Vehicle
Construct Infanterie Kompanie
Grenadier Squad
MG 42 Machine Gun Team
Grenadier Squad
Grenadier Squad
Construct Luftwaffe Kompanie
Flak 30 Anti-aircraft Gun Team
Jäger Squad
Selects Breakthrough Battlegroup
Selects Assault Grenadiers
Selects Breakthrough
From Voodoo to Zen
カルト_くん
[DOOD] Big Homie Pipe Down
Einherjer
0
0
Comments
sign in to comment!
No comments posted yet!